 Dungeon Crawl Stone Soup version 0.28.0 (webtiles) character file.

Game seed: 8645381259340195772

25 ReploidZero the Bolt Thrower (level 3, 0/28 HPs)
             Began as a Formicid Hunter on Feb 15, 2022.
             Slain by a gnoll (1 damage)
             ... on level 2 of the Dungeon.
             The game lasted 00:03:12 (1206 turns).

ReploidZero the Bolt Thrower (Formicid Hunter)      Turns: 1206, Time: 00:03:12

Health: 0/28       AC:  8    Str: 18    XL:     3   Next: 20%
Magic:  3/3        EV:  7    Int: 10    God:
Gold:   32         SH:  0    Dex: 11    Spells: 2/2 levels left

rFire   . . .      SeeInvis +   b - +0 short sword
rCold   . . .      Faith    .   (no shield)
rNeg    . . .      Spirit   .   g - +0 chain mail
rPois   .          Reflect  .   (helmet unavailable)
rElec   .          Harm     .   (no cloak)
rCorr   .          Rampage  .   (no gloves)
Will    .....                   (no boots)
Stlth   ..........              (no amulet)
HPRegen 0.09/turn               (no ring)
MPRegen 0.08/turn               (no ring)

@: no status effects
A: permanent stasis, dig shafts and tunnels, antennae 3, four strong arms
a: Dig, Shaft Self


You were on level 2 of the Dungeon.
You visited 1 branch of the dungeon, and saw 3 of its levels.

You collected 32 gold pieces.

Inventory:

Hand Weapons
 a - a +1 hand crossbow
 b - a +0 short sword (weapon)
Missiles
 d - 20 bolts
 i - 4 atropa-tipped darts (quivered)
Armour
 c - a +0 leather armour
 g - a +0 chain mail (worn)
Jewellery
 j - a ring of resist corrosion
Scrolls
 k - a scroll of enchant weapon {unknown}
 l - a scroll of summoning {unknown}
 m - a scroll of identify {unknown}
Potions
 e - 2 potions of ambrosia {unknown}
 f - a potion of curing {unknown}
 h - a potion of haste {unknown}


   Skills:
 + Level 2.7 Fighting
 + Level 4.3 Crossbows
 + Level 1.1 Armour
 - Level 2.0 Dodging
 - Level 1.2 Stealth


You had 2 spell levels left.
You didn't know any spells.
Your spell library was empty.

Dungeon Overview and Level Annotations

Branches:
Dungeon (3/15)

Altars:
Nemelex Xobeh

Shops:
D:2 (


Innate Abilities, Weirdness & Mutations

You cannot be hasted, slowed, berserked, paralysed or teleported.
You can dig through walls and to a lower floor.
You have a pair of large antennae on your head. (SInv)
Your four strong arms can wield two-handed weapons with a shield.


Message History

The gnoll hits you with a +0 whip. The kobold hits you but does no damage.
The gnoll hits you with a +0 club. The gnoll closely misses you.
You climb upwards.
Found a trident and a scroll labelled FELAZI WEOPH.
There is a stone staircase leading down here.
The rat barely misses you. The kobold hits you but does no damage.
You hit the rat.
The rat is moderately wounded.
The rat barely misses you. The rat bites you.
You are too injured to fight recklessly!
You are too injured to fight recklessly!
You are too injured to fight recklessly!
You are too injured to fight recklessly!
You are too injured to fight recklessly!
You are too injured to fight recklessly!
You hit the rat.
The rat is severely wounded.
The rat barely misses you.
You hit the rat.
You kill the rat!
You closely miss the gnoll. The gnoll hits you with a +0 whip.
You hit the gnoll.
The gnoll is lightly wounded.
The gnoll hits you but does no damage. The gnoll hits you with a +0 whip.
You hit the gnoll.
The gnoll is moderately wounded.
The gnoll hits you with a +0 whip.
* * * LOW HITPOINT WARNING * * *
You hit the gnoll.
The gnoll is severely wounded.
The gnoll hits you but does no damage.
You hit the gnoll but do no damage.
The gnoll is severely wounded.
The gnoll hits you with a +0 whip!
* * * LOW HITPOINT WARNING * * *
You barely miss the gnoll.
The gnoll is severely wounded.
The gnoll hits you with a +0 whip.
You die...

##....##.#
#......#.#
.#..?.....#
..........##
...........#
#......>##g#
)......g.#K#
#........#g#
#........#@#
#.......##..#
..##....###.#
. ###... .#
#...{ .# .#
.# .#


You could see 2 gnolls and a kobold.

Vanquished Creatures
  An orc (D:3)
  2 ball pythons
  2 endoplasms
  A giant cockroach (D:1)
  3 goblins (D:1)
  2 hobgoblins
  3 kobolds
  4 bats
  2 frilled lizards (D:1)
  3 rats
23 creatures vanquished.

Notes
Turn   | Place    | Note
-------+----------+-------------------------------------------
     0 | D:1      | ReploidZero the Formicid Hunter began the quest for the
                  | Orb.
     0 | D:1      | Reached XP level 1. HP: 16/16 MP: 1/1
   293 | D:1      | Reached XP level 2. HP: 23/23 MP: 2/2
   726 | D:2      | Found Rarrasmah's Antique Weapon Shop.
   741 | D:2      | Found a sparkling altar of Nemelex Xobeh.
   782 | D:2      | You fall into a shaft and drop 1 floor!
   794 | D:3      | Reached XP level 3. HP: 18/28 MP: 3/3
   931 | D:3      | Reached skill level 1 in Armour
  1182 | D:3      | Found a faded altar of an unknown god.
  1205 | D:2      | HP: 1/28 [gnoll (8)]
  1206 | D:2      | Slain by a gnoll

Illustrated notes

Levels and vault maps discovered:
D:1:      kennysheep_arrival_seaside, layout_rooms, nicolae_figureground_sparkle
D:2:      layout_rooms, basic_altar, serial_shops, nicolae_shop_crystal,
          nicolae_shop_waterfront
D:3:      layout_basic, chequers_ecumenical_altar_simple

Skill      XL: |  1  2  3 |
---------------+----------+-----
Dodging        | 2 |  2.0
Armour         | 1 |  1.1
Fighting       | |  2.7
Crossbows      | |  4.3
Stealth        | |  1.2

Action                   || total
-------------------------++-------
Melee: Short sword       ||    73
       Punch             ||     2
 Fire: Hand crossbow     ||     2
Armor: Chain mail        ||    53
       Leather armour    ||     1
Dodge: Dodged            ||    39
